 Dungeon Crawl Stone Soup version 0.26-a0-651-gb41185065b (webtiles) character file.

Game seed: 15479413226672298307

14273 Irenicus the Brawler (level 11, -4/145 HPs)
             Began as a Troll Hunter on Oct 1, 2020.
             Was a High Priest of the Shining One.
             Slain by a killer bee (9 damage)
             ... on level 11 of the Dungeon.
             The game lasted 00:36:53 (5352 turns).

Irenicus the Brawler (Troll Hunter)                 Turns: 5352, Time: 00:36:54

Health: -4/145     AC:  9    Str: 29    XL:     11   Next: 86%
Magic:  10/10      EV: 12    Int:  7    God:    the Shining One [*****.]
Gold:   354        SH:  5    Dex: 13    Spells: 10/10 levels left

rFire    + + .     SeeInvis .     - Unarmed
rCold    + + .     Faith    .   (no shield)
rNeg     + + +     Spirit   .   A - +1 robe "Bidwarph" {Str+7}
rPois    .         Reflect  +   (helmet restricted)
rElec    .         Harm     .   K - scarf {rC+ rF+}
rCorr    .         Rampage  .   (gloves unavailable)
MR       .....                  (boots unavailable)
Stlth    ..........             l - amulet of reflection
HPRegen  0.74/turn              C - ring of positive energy {rN+}
MPRegen  0.12/turn              w - ring of protection from fire {rF+, !d}

@: berserking (expiring), lethally poisoned (-4 -> -4), glowing, very quick
A: large, unfitting armour, claws 3, thin metallic scales 1, cold resistance 1,
mutation resistance 1, regeneration 1, shaggy fur 1, tough skin 3
a: Divine Shield, Cleansing Flame, Summon Divine Warrior, Renounce Religion


You were on level 11 of the Dungeon.
You worshipped the Shining One.
The Shining One was extremely pleased with you.
You visited 2 branches of the dungeon, and saw 13 of its levels.

You collected 510 gold pieces.
You spent 156 gold pieces at shops.

Inventory:

Missiles
 c - 3 large rocks (quivered) {!d}
 d - 3 throwing nets {=f, !d}
 m - 4 curare-tipped darts
 s - 17 poisoned darts
Armour
 a - a +1 robe of the Archmagi
   (You found it on level 1 of the Dungeon)
 q - a +1 robe of magic resistance
   (You took it off an orc wizard on level 5 of the Dungeon)
 u - a +2 robe of positive energy
   (You took it off Jessica on level 3 of the Dungeon)
 A - the +1 robe "Bidwarph" (worn) {Str+7}
   (You took it off an orc on level 5 of the Dungeon)

   It affects your strength (+7).
 K - a scarf of resistance (worn)
   (You found it on level 10 of the Dungeon)
Magical Staves
 E - an uncursed staff of earth
   (You found it on level 7 of the Dungeon)
Jewellery
 l - an amulet of reflection (around neck)
   (You found it on level 8 of the Dungeon)
 r - an uncursed ring of stealth {Stlth+}
   (You found it on level 5 of the Dungeon)
 w - a ring of protection from fire (right claw) {rF+, !d}
   (You found it on level 2 of the Dungeon)
 y - an uncursed ring of resist corrosion
   (You found it on level 6 of the Dungeon)
 C - a ring of positive energy (left claw) {rN+}
   (You found it on level 6 of the Dungeon)
Wands
 o - a wand of iceblast (15)
   (You found it on level 6 of the Dungeon)
 H - a wand of digging (4)
   (You found it on level 8 of the Dungeon)
Scrolls
 e - 5 scrolls of remove curse {unknown}
 g - 2 scrolls of teleportation
 i - 3 scrolls of noise {unknown}
 k - 2 scrolls of enchant armour {unknown}
 n - 3 scrolls of magic mapping {unknown}
 p - a scroll of blinking {unknown}
 t - a scroll of immolation {unknown}
 z - a scroll of identify
 F - 2 scrolls of amnesia {unknown}
 J - 2 scrolls of fog
Potions
 b - 3 potions of brilliance
 f - 5 potions of curing
 h - 5 potions of flight
 j - 4 potions of haste
 v - a potion of lignification {!q}
 x - 2 potions of cancellation
 B - a potion of resistance
 D - 4 potions of heal wounds
 G - 2 potions of mutation {!q}
 L - 2 potions of might


   Skills:
 - Level 3.0 Fighting
 - Level 3.6 Throwing
 + Level 4.4 Dodging
 - Level 0.3 Stealth
 + Level 17.1 Unarmed Combat


You had 10 spell levels left.
You didn't know any spells.
Your spell library contained the following spells:

 Spells                   Type           Power        Failure   Level
 Summon Small Mammal      Summ           #...         43%         1
 Call Imp                 Summ           #.......     56%         2
 Call Canine Familiar     Summ           #.......     80%         3
 Summon Guardian Golem    Hex/Summ       #.......     80%         3
 Summon Ice Beast         Ice/Summ       #.......     99%         4
 Summon Lightning Spire   Summ/Air       #.......     99%         4


Dungeon Overview and Level Annotations

Branches:
Dungeon (12/15)            Temple (1/1) D:6            Lair (0/6) D:8
    Orc: D:9-12

Altars:
Ashenzari
Cheibriados
Dithmenos
Elyvilon
Fedhas
Gozag
Hepliaklqana
Kikubaaqudgha
Makhleb
Nemelex Xobeh
Qazlal
Ru
Sif Muna
Trog
Uskayaw
Vehumet
Wu Jian
Xom
Yredelemnul
Zin
The Shining One

Shops:
D:4 [?   D:9 *   D:11 :

Portals:
Trove: D:12 (give +2 fire dragon scales)

Annotations:
D:6 2 transporters, Apogee's ghost, novice GnFE


Innate Abilities, Weirdness & Mutations

You are too large for most types of armour.
You have claws for hands.
Your natural rate of healing is unusually fast.
You are covered in fur. (AC +1)
You have extremely tough skin. (AC +3)
You are partially covered in thin metallic scales. (AC +2)
Your flesh is cold resistant. (rC+)
You are somewhat resistant to further mutation.


Message History

Your surroundings seem slightly different.
You block the hound's attack.
You regained 9 hp, and now have 32/97 hp.
Really quaff
I - a potion of berserk rage {!q}?
A red film seems to cover your vision as you go berserk!
You feel yourself moving faster!
You feel mighty! The killer bee barely misses you.
The killer bee stings you but does no damage.
The hound bites you but does no damage. The killer bee barely misses you.
The killer bee stings you but does no damage.
A killer bee comes into view.
You now have 49/145 hp.
You miss the killer bee.
The killer bee buzzes angrily.
You hear an angry buzzing noise. x2
The hound barely misses you. The killer bee closely misses you.
The killer bee stings you.
You take 4 damage, and have 45/145 hp.
You eviscerate the killer bee!!!
You kill the killer bee!
The killer bee stings you but does no damage.
The hound barely misses you.
You claw the killer bee! Your claw misses the killer bee.
The killer bee is severely wounded.
The killer bee stings you.
* * * LOW HITPOINT WARNING * * *
The killer bee stings you.
* * * LOW HITPOINT WARNING * * *
The hound bites you.
* * * LOW HITPOINT WARNING * * *
You take 8 damage, and have 37/145 hp.
You barely miss the killer bee. The killer bee closely misses you. x2
The killer bee stings you.
* * * LOW HITPOINT WARNING * * *
You take 6 damage, and have 31/145 hp.
You mangle the killer bee!!
You kill the killer bee!
The hound bites you but does no damage.
The killer bee stings you but does no damage.
You block the killer bee's attack.
You mangle the killer bee!!
You kill the killer bee!
The killer bee closely misses you. The hound barely misses you.
You miss the killer bee. Your claw misses the killer bee.
The killer bee closely misses you. x2
You claw the killer bee! Your claw misses the killer bee.
The killer bee is severely wounded.
The hound bites you.
* * * LOW HITPOINT WARNING * * *
The killer bee closely misses you. The killer bee stings you.
* * * LOW HITPOINT WARNING * * *
You take 6 damage, and have 26/145 hp.
You completely miss the killer bee.
The killer bee is severely wounded.
The killer bee barely misses you. The hound closely misses you.
You mangle the killer bee!!
You kill the killer bee!
The killer bee stings you but does no damage.
You claw the killer bee!
The killer bee is almost dead.
The hound closely misses you.
You eviscerate the killer bee!!!
You kill the killer bee!
The hound closely misses you.
You barely miss the hound. Your claw misses the hound.
The killer bee stings you.
* * * LOW HITPOINT WARNING * * *
You are poisoned.
The killer bee poisons you!
You take 2 damage, and have 25/145 hp.
You claw the hound!
The hound is heavily wounded.
You feel sick. You block the killer bee's attack.
A killer bee comes into view.
The hound barely misses you.
You take 1 damage, and have 24/145 hp.
The killer bee buzzes angrily.
You scratch the hound.
The hound is almost dead.
You hear an angry buzzing noise. x2
The killer bee stings you.
* * * LOW HITPOINT WARNING * * *
You are more poisoned.
The killer bee poisons you! The hound closely misses you.
You take 4 damage, and have 20/145 hp.
You claw the killer bee! Your claw misses the killer bee.
The killer bee is almost dead.
The killer bee stings you.
* * * LOW HITPOINT WARNING * * *
The killer bee closely misses you.
You take 4 damage, and have 16/145 hp.
You barely miss the killer bee.
The killer bee is almost dead.
You feel sick. The hound bites you but does no damage.
The killer bee closely misses you. The killer bee stings you!
* * * LOW HITPOINT WARNING * * *
You take 11 damage, and have 5/145 hp.
You closely miss the killer bee. Your claw misses the killer bee.
The killer bee is almost dead.
The killer bee stings you!
You die...

#>.... ###.##
########.## #..........
#.......... #..........
#..........
##############..........
#.....†@yC.......†.....<
#......yh.$.............
#.....##.#..(.(.........
#$..## ####............
#.. #............ #.
##.########## # #.# #.#
#C#


You could see a cyclops, a hound and 2 killer bees.

Vanquished Creatures
  A two-headed ogre (D:10)
  An unseen horror (D:10)
  An oklob plant (D:6)
  Joseph (D:8)
  A manticore (D:11)
  A gargoyle (D:11)
  A komodo dragon (D:12)
  A troll (D:10)
  Grinder (D:5)
  Prince Ribbit (D:9)
  2 hippogriffs
  A wraith (D:9)
  A wyvern (D:12)
  12 yaks
  4 vampire mosquitoes (D:12)
  Menkaure (D:5)
  2 porcupines (D:8)
  Duvessa (D:4)
  A water moccasin (D:9)
  3 ice beasts
  5 sky beasts
  4 orc warriors
  2 black bears
  A necrophage (D:10)
  2 phantoms
  2 ogres
  6 centaurs
  2 crocodiles (D:8)
  2 big kobolds
  Blork the orc (D:6)
  9 bullfrogs
  A gnoll sergeant (D:7)
  Dowan (D:4)
  3 scorpions
  16 wights
  6 killer bees (D:11)
  2 vampire bats (D:9)
  3 howler monkeys
  A bullfrog zombie (D:9)
  6 hounds
  2 centaur zombies
  A bullfrog skeleton (D:9)
  11 orc priests
  6 centaur skeletons
  9 jellies
  10 orc wizards
  Jessica (D:3)
  6 iguanas
  11 worker ants
  A hound zombie (D:9)
  2 hound skeletons (D:8)
  A howler monkey zombie (D:6)
  A worker ant zombie (D:6)
  10 adders
  10 gnolls
  3 shadow imps (D:9)
  A white imp (D:5)
  3 ufetubi
  14 oozes (D:6)
  5 worms
  4 leopard geckos
  32 orcs
  A ball python (D:1)
  5 bats
  3 bat skeletons (D:9)
  2 bat zombies (D:9)
  3 giant cockroaches
  5 goblins
  6 hobgoblins
  11 kobolds
  4 quokkas
  A ball python zombie (D:6)
  7 frilled lizards
  3 rats
308 creatures vanquished.

Vanquished Creatures (others)
  A quokka (D:4)
  14 fungi
  6 plants (D:8)
21 creatures vanquished.

Grand Total: 329 creatures vanquished

Notes
Turn   | Place    | Note
-------+----------+-------------------------------------------
     0 | D:1      | Irenicus the Troll Hunter began the quest for the Orb.
     0 | D:1      | Reached XP level 1. HP: 19/19 MP: 0/0
    61 | D:1      | Reached skill level 1 in Unarmed Combat
   227 | D:1      | Reached XP level 2. HP: 27/27 MP: 1/1
   251 | D:1      | Reached skill level 2 in Unarmed Combat
   413 | D:2      | Found a broken altar of Ashenzari.
   462 | D:2      | Reached skill level 3 in Unarmed Combat
   462 | D:2      | Reached XP level 3. HP: 25/33 MP: 2/2
   596 | D:3      | Reached skill level 4 in Unarmed Combat
   596 | D:3      | Reached XP level 4. HP: 21/41 MP: 3/3
   616 | D:3      | You fall into a shaft and drop 3 floors!
   616 | D:6      | Noticed a centaur
   617 | D:6      | Killed a centaur
   617 | D:6      | Reached skill level 5 in Unarmed Combat
   617 | D:6      | Reached XP level 5. HP: 36/48 MP: 4/4
   631 | D:6      | Noticed a black bear
   639 | D:6      | Reached skill level 2 in Fighting
   641 | D:6      | Killed a black bear
   641 | D:6      | Reached XP level 6. HP: 22/59 MP: 5/5
   673 | D:6      | Reached skill level 3 in Fighting
   682 | D:6      | Found a staircase to the Ecumenical Temple.
   703 | D:6      | Reached skill level 6 in Unarmed Combat
   705 | Temple   | Entered the Ecumenical Temple
   729 | Temple   | Became a worshipper of the Shining One
   783 | D:5      | Entered Level 5 of the Dungeon
   845 | D:5      | Noticed Menkaure
   845 | D:5      | Noticed an ice beast
   847 | D:5      | Killed Menkaure
   847 | D:5      | Reached XP level 7. HP: 67/67 MP: 6/6
   850 | D:5      | Reached skill level 7 in Unarmed Combat
   995 | D:4      | Found Boin's Magic Scroll Boutique.
  1090 | D:4      | Reached skill level 8 in Unarmed Combat
  1093 | D:4      | HP: 16/67 [gnoll/+0 halberd (4)]
  1136 | D:4      | Noticed Duvessa
  1136 | D:4      | Noticed Dowan
  1147 | D:4      | Gained mutation: Your flesh is cold resistant. (rC+)
                  | [potion of mutation]
  1147 | D:4      | Gained mutation: You are somewhat resistant to further
                  | mutation. [potion of mutation]
  1147 | D:4      | Gained mutation: You are partially covered in thin metallic
                  | scales. (AC +2) [potion of mutation]
  1149 | D:4      | HP: 11/67 [Duvessa/puff of flame (9)]
  1155 | D:4      | Killed Duvessa
  1157 | D:4      | HP: 11/100 [Dowan/stone arrow (5)]
  1159 | D:4      | Killed Dowan
  1159 | D:4      | Reached XP level 8. HP: 13/75 MP: 7/7
  1207 | D:4      | Found a white marble altar of Elyvilon.
  1377 | D:3      | Noticed Jessica
  1392 | D:3      | Killed Jessica
  1537 | D:2      | Reached skill level 9 in Unarmed Combat
  1719 | D:3      | Found an opulent altar of Gozag.
  1824 | D:4      | Found Nutunen's Antique Armour Shop.
  1849 | D:3      | You fall into a shaft and drop 3 floors!
  1877 | D:6      | Noticed Apogee's ghost (novice GnFE)
  1879 | D:6      | Found a transporter.
  1894 | D:6      | Found a transporter.
  1939 | D:6      | Noticed Blork the orc
  1944 | D:6      | Killed Blork the orc
  2032 | D:5      | Identified the +1 robe "Bidwarph" {Str+7}
  2033 | D:5      | Reached * piety under the Shining One
  2048 | D:5      | Reached skill level 10 in Unarmed Combat
  2179 | D:5      | Noticed Grinder
  2186 | D:5      | Killed Grinder
  2270 | D:6      | Noticed an oklob plant
  2314 | D:6      | Reached skill level 11 in Unarmed Combat
  2335 | D:6      | Killed an oklob plant
  2335 | D:6      | Reached XP level 9. HP: 56/81 MP: 8/8
  2478 | D:6      | Got a pair of blackened boots
  2580 | D:7      | Found a shimmering altar of Xom.
  2583 | D:7      | Found a shadowy altar of Dithmenos.
  2586 | D:7      | Found a snail-covered altar of Cheibriados.
  2589 | D:7      | Found a bloodstained altar of Trog.
  2674 | D:7      | Irenicus: ?? UC
  2674 | D:7      | beem: unarmed combat[1/3]: Fighting without a weapon. Base
                  | damage is 3 + UC skill (+2 per claws level (so +6 Tr, +2
                  | Gh), +X for forms); delay 1.0 - UC/54.0; +2 to hit.
  2893 | D:6      | Reached skill level 12 in Unarmed Combat
  3355 | D:8      | Reached ** piety under the Shining One
  3371 | D:8      | Reached skill level 13 in Unarmed Combat
  3385 | D:8      | Found a staircase to the Lair.
  3415 | D:8      | Reached XP level 10. HP: 62/91 MP: 9/9
  3468 | D:8      | Noticed Joseph
  3478 | D:8      | Killed Joseph
  3598 | D:8      | Found a basalt altar of Yredelemnul.
  3668 | D:8      | Reached skill level 14 in Unarmed Combat
  3696 | D:9      | Noticed Prince Ribbit
  3700 | D:9      | Killed Prince Ribbit
  3754 | D:9      | Reached *** piety under the Shining One
  3858 | D:9      | Found an ancient bone altar of Kikubaaqudgha.
  4003 | D:9      | Reached **** piety under the Shining One
  4128 | D:9      | Reached skill level 15 in Unarmed Combat
  4219 | D:9      | Found Ofoschew's Assorted Antiques.
  4223 | D:9      | Bought a brass wand for 128 gold pieces
  4223 | D:9      | Bought a fuming sapphire potion for 28 gold pieces
  4581 | D:10     | Entered Level 10 of the Dungeon
  4653 | D:10     | Found a white marble altar of Elyvilon.
  4682 | D:10     | Noticed a two-headed ogre
  4695 | D:10     | Reached XP level 11. HP: 68/97 MP: 10/10
  4701 | D:10     | Killed a two-headed ogre
  4708 | D:10     | Reached skill level 16 in Unarmed Combat
  4741 | D:10     | Reached ***** piety under the Shining One
  4822 | D:10     | Noticed an unseen horror
  4831 | D:10     | Killed an unseen horror
  5042 | D:11     | Reached skill level 2 in Dodging
  5048 | D:11     | Found Qaczoati's Book Emporium.
  5127 | D:12     | Found a portal to a secret trove of treasure.
  5198 | D:12     | Reached skill level 3 in Dodging
  5257 | D:12     | Reached skill level 4 in Dodging
  5257 | D:12     | Reached skill level 17 in Unarmed Combat
  5329 | D:11     | HP: 22/97 [killer bee (4)]
  5338 | D:11     | HP: 31/145 [killer bee (6)]
  5347 | D:11     | HP: 25/145 [killer bee (3)]
  5351 | D:11     | HP: 5/145 [killer bee (10)]
  5352 | D:11     | Slain by a killer bee

Illustrated notes

Levels and vault maps discovered:
D:1:      ebering_hopf_link, layout_basic, minmay_crystal_water,
          minmay_misc_feat_room
D:2:      layout_loops_ring, evilmike_ruin_ashenzari
D:3:      layout_basic, nicolae_gozag_seed_capital, uniq_crazy_yiuf_cottage,
          uniq_ijyb, uniq_jessica, uniq_terence
D:4:      minmay_door_path, layout_rooms, elyvilon_altar_4, serial_shops,
          shop_scrolls, kennysheep_mini, uniq_duvessa
D:5:      layout_cave_pods, okawaru_altar_gauntlet_db, uniq_grinder,
          uniq_menkaure
D:6:      lemuel_slime, layout_loops_ring, minmay_temple_entry_metal_lava,
          gammafunk_ghost_arena, kennysheep_another_room, corexii_checkpoint_a,
          minmay_misc_feat_tower, uniq_blork_the_orc
D:7:      layout_loops_corners, grunt_temple_overflow_cloverleaf,
          kennysheep_generic_room_15
D:8:      layout_rooms, yredelemnul_altar_generic, due_lair_maze_entry_diamond,
          uniq_joseph
D:9:      minmay_thinvault, layout_irregular_city, kennysheep_vampire_church,
          serial_shops, shop, uniq_prince_ribbit1
D:10:     layout_cave_pools, basic_altar
D:11:     layout_basic, serial_shops, shop, minivault_7
D:12:     layout_roguey, erik_orc_2, nicolae_trove_entry_free_sample,
          ice2_lemuel
Temple:   nicolae_temple_god_jail

Skill      XL: |  1  2  3  4  5  6  7  8  9 10 11 |
---------------+----------------------------------+-----
Unarmed Combat | 1 3 4 5 6 8 11 13 15 17 | 17.1
Fighting       | 2 3 |  3.0
Dodging        | 4 |  4.4
Throwing       | |  3.6
Stealth        | |  0.3

Action                   |  1- 3 |  4- 6 |  7- 9 | 10-12 || total
-------------------------+-------+-------+-------+-------++-------
Melee: Unarmed           |    85 |    32 |   298 |   336 ||   751
       Short sword       |     6 |       |       |       ||     6
       Punch             |     2 |       |    17 |    26 ||    45
Throw: Large rock        |     1 |     5 |    14 |     9 ||    29
       Throwing net      |       |       |     2 |       ||     2
       Dart              |       |       |       |     1 ||     1
  Use: Potion            |       |       |     7 |     3 ||    10
       Scroll            |       |       |     5 |     4 ||     9
 Stab: Sleeping          |     1 |       |       |       ||     1
Armor: Robe              |    33 |     8 |   104 |    84 ||   229
       Skin              |       |       |     4 |       ||     4
Dodge: Dodged            |    46 |    24 |   132 |   138 ||   340
Block: Other             |       |       |       |    59 ||    59
       Reflection        |       |       |       |     2 ||     2

Table legend: (Time is in decaauts)
 A = Elapsed time spent in this place.
 B = Non-inter-level travel time spent in this place.
 C = Inter-level travel time spent in this place.
 D = Time resting spent in this place.
 E = Time spent auto-exploring this place.
 F = Levels seen in this place.
 G = Mean time per level.
                   A        B        C        D        E       F      G
               +--------+--------+--------+--------+--------+-----+--------+
         Total |   5201 |   5020 |    181 |     30 |      0 |  13 |  400.1 |
       Dungeon |   5136 |   4955 |    181 |     30 |      0 |  12 |  428.0 |
        Temple |     64 |     64 |      0 |      0 |      0 |   1 |   64.0 |
               +--------+--------+--------+--------+--------+-----+--------+

Top non-repeatable levels by time:
     D:9: 859 daAuts
     D:7: 641 daAuts
     D:6: 550 daAuts
     D:8: 457 daAuts
     D:5: 434 daAuts
     D:4: 374 daAuts
     D:1: 369 daAuts
     D:3: 369 daAuts
     D:2: 363 daAuts
    D:10: 318 daAuts
    D:11: 217 daAuts
    D:12: 181 daAuts
  Temple: 64 daAuts

Table legend:
 A = Kills in this place as a percentage of kills in entire the game.
 B = Kills by you in this place as a percentage of kills by you in the entire game.
 C = Kills by friends in this place as a percentage of kills by friends in the entire game.
 D = Other kills in this place as a percentage of other kills in the entire game.
 E = Experience gained in this place as a percentage of experience gained in the entire game.
 F = Experience gained in this place divided by the number of levels of this place that you have seen.
                   A       B       C       D       E      F
               +-------+-------+-------+-------+-------+----------------------
         Total | 100.0 | 100.0 |   N/A |   N/A | 100.0 | 1568.5
       Dungeon | 100.0 | 100.0 |   N/A |   N/A | 100.0 | 1699.2
               +-------+-------+-------+-------+-------+----------------------
